 Dungeon Crawl Stone Soup version 0.29.1-2-gbd0b4ee654 (webtiles) character file.

Game seed: 17557644254955012790

48 DildoBatman the Conjurer (level 4, 0/28 (30) HPs)
             Began as a Formicid Conjurer on Nov 17, 2022.
             Slain by an orc
             ... wielding a +0 dagger of draining
              (1 damage)
             ... on level 5 of the Dungeon.
             The game lasted 00:02:37 (1323 turns).

DildoBatman the Conjurer (Formicid Conjurer)        Turns: 1323, Time: 00:02:38

HP:   0/28 (30)     AC:  2    Str: 12    XL:     4   Next: 0%
MP:   7/7           EV: 12    Int: 17    God:
Gold: 57            SH:  0    Dex: 14    Spells: 4/7 levels left

rFire   . . .      SeeInvis +   a - +0 sling
rCold   . . .      Faith    .   (no shield)
rNeg    . . .      Spirit   .   o - +0 robe {Will+}
rPois   .          Reflect  .   (helmet unavailable)
rElec   .          Harm     .   (no cloak)
rCorr   .          Rampage  .   (no gloves)
Will    +....                   (no boots)
Stlth   ++........              (no amulet)
HPRegen 0.09/turn               (no ring)
MPRegen 0.10/turn               (no ring)

@: drained
A: permanent stasis, dig shafts and tunnels, antennae 3, four strong arms
a: Dig, Shaft Self


You were on level 5 of the Dungeon.
You visited 1 branch of the dungeon, and saw 4 of its levels.

You collected 57 gold pieces.

Inventory:

Hand Weapons
 a - a +0 sling (weapon)
 b - the +2 rapier "Aqaohiw" {freeze, Str+6 Dex-5}
   (You found it on level 2 of the Dungeon)

   It freezes those it strikes, dealing additional cold damage.
   It can also slow down cold-blooded creatures.
   Str:       It affects your strength (+6).
   Dex:       It affects your dexterity (-5).
 l - a +0 short sword
Missiles
 d - 16 stones
Armour
 i - a +0 robe
 o - a +0 robe of willpower (worn)
Scrolls
 c - 2 scrolls of immolation {unknown}
 e - a scroll of poison {unknown}
 g - a scroll of torment {unknown}
 j - 2 scrolls of blinking {unknown}
 k - 2 scrolls of noise {unknown}
 n - a scroll of identify {unknown}
 q - a scroll of magic mapping {unknown}
Potions
 f - a potion of brilliance {unknown}
 h - a potion of degeneration {unknown}
 m - a potion of magic
 p - 2 potions of curing {unknown}


   Skills:
 - Level 1.7 Dodging
 - Level 2.4 Stealth
 - Level 2.1 Spellcasting
 * Level 4.8 Conjurations


You had 4 spell levels left.
You knew the following spells:

 Your Spells              Type           Power      Damage    Failure   Level
a - Searing Ray           Conj           36%        2d5       4%          2
c - Magic Dart            Conj           72%        1d6       2%          1

Your spell library contained the following spells:

 Spells                   Type           Power      Damage    Failure   Level
 Dazzling Flash           Conj/Hex       20%        N/A       22%         3
 Fulminant Prism          Conj/Hex       5%         3d7       56%         4
 Iskenderun's Mystic Bla  Conj/Tloc      10%        2d4       56%         4


Dungeon Overview and Level Annotations

Branches:
Dungeon (2/15)

Altars:


Innate Abilities, Weirdness & Mutations

You cannot be hasted, slowed, berserked, paralysed or teleported.
You can dig through walls and to a lower floor.
You have a pair of large antennae on your head. (SInv)
Your four strong arms can wield two-handed weapons with a shield.


Message History

What are your orders? t - Shout!
Orders for allies: a - Attack new target. r - Retreat! s - Stop attacking. g - Guard the area. f - Follow me.
Anything else - Cancel.
You shout for attention!
The orc wizard points at you and mumbles some strange words.
You resist with almost no effort. What are your orders? t - Shout!
Orders for allies: a - Attack new target. r - Retreat! s - Stop attacking. g - Guard the area. f - Follow me.
Anything else - Cancel.
You shout for attention!
The orc wizard hits you but does no damage.
The orc wizard hits you with a +0 dagger.
The orc priest hits you with a +0 whip. What are your orders? t - Shout!
Orders for allies: a - Attack new target. r - Retreat! s - Stop attacking. g - Guard the area. f - Follow me.
Anything else - Cancel.
You shout for attention!
The orc wizard hits you with a +0 dagger.
The orc wizard closely misses you. The orc priest hits you with a +0 whip.
What are your orders? t - Shout!
Orders for allies: a - Attack new target. r - Retreat! s - Stop attacking. g - Guard the area. f - Follow me.
Anything else - Cancel.
You shout for attention!
The orc wizard hits you with a +0 dagger.
The orc hits you with a +0 dagger of draining.
You feel drained.
You die...

.. . ... .
...# .## .....
..
.....####.##
.......o...#
.......oo..#
#..@o..#
#...o......
#........###
..........#
.............#
...........#.#
.....####.##.#
..... .. .


You could see an orc priest, 2 orc wizards and 2 orcs.

Vanquished Creatures
  2 adders (D:2)
  A worm (D:2)
  3 dart slugs (D:1)
  2 ball pythons (D:1)
  A goblin (D:2)
  3 hobgoblins (D:1)
  3 quokkas
  A bat (D:1)
  A frilled lizard (D:1)
  3 kobolds
  3 rats
23 creatures vanquished.

Notes
Turn   | Place    | Note
-------+----------+-------------------------------------------
     0 | D:1      | DildoBatman the Formicid Conjurer began the quest for the
                  | Orb.
     0 | D:1      | Reached XP level 1. HP: 13/13 MP: 3/3
   209 | D:1      | Found a faded altar of an unknown god.
   283 | D:1      | Reached XP level 2. HP: 15/19 MP: 0/5
   286 | D:1      | Learned a level 2 spell: Searing Ray
   341 | D:1      | Reached skill level 4 in Conjurations
   738 | D:1      | Reached XP level 3. HP: 23/24 MP: 2/6
  1099 | D:2      | Identified the +2 rapier "Aqaohiw" {freeze, Str+6 Dex-5}
  1273 | D:2      | Reached XP level 4. HP: 29/30 MP: 3/7
  1275 | D:2      | You fall into a shaft and drop 1 floor!
  1308 | D:3      | You fall into a shaft and drop 2 floors!
  1308 | D:5      | Entered Level 5 of the Dungeon
  1323 | D:5      | HP: 1/30 [orc/+0 dagger of draining (4)]
  1323 | D:5      | Slain by an orc

Illustrated notes

Levels and vault maps discovered:
D:1:      minmay_arrival_hallway, layout_loops_ring,
          shapermc_ecumenical_altar_mp_urbaneastern, minmay_misc_feat_ornament,
          minmay_tromino_v4_a
D:2:      layout_loops_ring, nicolae_elevator_lobby_plus,
          uniq_crazy_yiuf_cottage
D:3:      layout_loops_corners, nicolae_wu_jian_immortal_techniques,
          okawaru_ov_weapons_minmay
D:5:      layout_basic, mainiacjoe_overflow_alcove_4,
          minmay_temple_entry_crystal_x

Skill      XL: |  1  2 |
---------------+-------+-----
Conjurations   | 4 |  4.8
Dodging        | |  1.7
Stealth        | |  2.4
Spellcasting   | |  2.1

Action                   |  1- 3 |  4- 6 || total
-------------------------+-------+-------++-------
Melee: Unarmed           |    10 |       ||    10
       Whip              |     3 |       ||     3
       Short sword       |     3 |       ||     3
 Fire: Sling             |    11 |       ||    11
 Cast: Magic Dart        |    38 |       ||    38
       Searing Ray       |     2 |       ||     2
 Abil: Shaft Self        |       |     2 ||     2
 Stab: Sleeping          |     2 |       ||     2
Armor: Robe              |     4 |     1 ||     5
Dodge: Dodged            |    13 |     3 ||    16
